 Dungeon Crawl Stone Soup version 0.28.0-45-g0d030f2227 (webtiles) character file.

Game seed: 16113726609876793946

1023 Peloso the Slasher (level 8, -2/68 HPs)
             Began as a Minotaur Fighter on Apr 2, 2022.
             Killed from afar by an orc wizard (3 damage)
             ... with a magic dart
             ... on level 6 of the Dungeon.
             The game lasted 00:06:37 (4243 turns).

Peloso the Slasher (Minotaur Fighter)               Turns: 4243, Time: 00:06:37

Health: -2/68      AC: 10    Str: 29    XL:     8   Next: 2%
Magic:  7/7        EV:  9    Int:  5    God:
Gold:   155        SH:  5    Dex: 12    Spells: 7/7 levels left

rFire   . . .      SeeInvis .   a - +0 long sword
rCold   . . .      Faith    .   c - +0 buckler
rNeg    . . .      Spirit   .   n - +0 chain mail
rPois   .          Reflect  .   (helmet restricted)
rElec   .          Harm     .   (no cloak)
rCorr   .          Rampage  .   (no gloves)
Will    .....                   (no boots)
Stlth   ..........              (no amulet)
HPRegen 0.21/turn               m - +6 ring of strength
MPRegen 0.10/turn               (no ring)

@: no status effects
A: horns 2, retaliatory headbutt, strong 1
a: no special abilities


You were on level 6 of the Dungeon.
You visited 2 branches of the dungeon, and saw 7 of its levels.

You collected 155 gold pieces.

Inventory:

Hand Weapons
 a - a +0 long sword (weapon)
Missiles
 i - a throwing net (quivered)
Armour
 b - a +0 scale mail
 c - a +0 buckler (worn)
 n - a +0 chain mail (worn)
Jewellery
 m - a +6 ring of strength (left hand)
Wands
 r - a wand of mindburst (19)
 s - a wand of digging (4)
Scrolls
 e - 4 scrolls of identify {unknown}
 f - a scroll of teleportation {unknown}
 g - 2 scrolls of blinking {unknown}
 h - 2 scrolls of enchant weapon {unknown}
 j - a scroll of amnesia {unknown}
 k - 3 scrolls of noise {unknown}
 p - a scroll of vulnerability {unknown}
 t - a scroll of torment {unknown}
 u - a scroll of brand weapon {unknown}
Potions
 d - a potion of might
 o - a potion of brilliance {unknown}
 q - a potion of heal wounds {unknown}


   Skills:
 + Level 5.2 Fighting
 + Level 7.7 Long Blades
 + Level 6.7 Armour
 + Level 1.5 Dodging
 + Level 1.0 Stealth
 + Level 5.3 Shields
 + Level 0.1 Evocations


You had 7 spell levels left.
You didn't know any spells.
Your spell library contained the following spells:

 Spells                   Type           Power      Damage    Failure   Level
 Beastly Appendage        Tmut           0%         N/A       97%         1
 Foxfire                  Conj/Fire      0%         2x1d4     97%         1
 Freeze                   Ice            0%         1d3       97%         1
 Wereblood                Tmut           0%         N/A       99%         2
 Conjure Flame            Conj/Fire      0%         6-21      100%        3
 Inner Flame              Hex/Fire       0%         N/A       100%        3
 Spider Form              Tmut/Pois      0%         N/A       100%        3
 Flame Wave               Conj/Fire      0%         2d4       100%        4


Dungeon Overview and Level Annotations

Branches:
Dungeon (6/15)             Temple (1/1) D:5

Altars:
Ashenzari
Cheibriados
Fedhas
Gozag
Makhleb
Nemelex Xobeh
Sif Muna
Trog
Vehumet
Wu Jian
Yredelemnul
Zin
The Shining One


Innate Abilities, Weirdness & Mutations

You have a pair of horns on your head.
You reflexively headbutt those who attack you in melee.
Your muscles are strong. (Str +2)


Message History

The steam dragon barely misses you.
The steam dragon claws you but does no damage.
The orc hits you but does no damage.
Unknown command.
You closely miss the steam dragon. Your headbutt misses the steam dragon.
The steam dragon is almost dead.
The adder bites you.
* * * LOW HITPOINT WARNING * * *
The steam dragon bites you but does no damage.
You block the steam dragon's attack.
Unknown command.
You feel better. The adder bites you but does no damage.
The steam dragon bites you but does no damage.
The steam dragon claws you.
* * * LOW HITPOINT WARNING * * *
The adder barely misses you.
Unknown command.
You hit the steam dragon.
You kill the steam dragon!
Something hits you but does no damage. The adder bites you but does no damage.
Your Stealth skill increases to level 1!
You have reached level 8!
You feel stronger. You block something's attack.
You hear some strange, mumbled words.
A puff of flame appears from out of thin air!
The puff of flame hits you!
* * * LOW HITPOINT WARNING * * *
You block the adder's attack. Something hits you.
* * * LOW HITPOINT WARNING * * *
Something completely misses you. The adder bites you but does no damage.
The adder barely misses you. You furiously retaliate!
You headbutt the adder.
A magic dart appears from out of thin air!
The magic dart hits you!
* * * LOW HITPOINT WARNING * * *
A magic dart appears from out of thin air!
The magic dart hits you.
You die...

...........###.$...../.
#.............##........
#...........$.#.)...(.#
#....................#
#.....###..oo..#!......
##.....##...####.....##
#.....##.{....##.....$#
#..............###.....
#.....@S.#.##?......#..
##...<...#..........##.
##..................##
#......#.........#..
#......###..#.[###.#
####...# #..##.# #....#
.....# #.......##..
##....#. ..


You could see an adder and 2 orcs.

Vanquished Creatures
  Grinder (D:5)
  Sigmund (D:5)
  A steam dragon (D:6)
  A water moccasin (D:5)
  An ice beast (D:5)
  An ogre (D:4)
  A howler monkey (D:6)
  2 hounds
  A bullfrog skeleton (D:6)
  Jessica (D:2)
  3 adders
  A shadow imp (D:6)
  A white imp (D:5)
  An adder skeleton (D:4)
  2 worms (D:2)
  2 dart slugs
  2 orcs
  7 endoplasms
  2 giant cockroaches
  4 hobgoblins
  6 jackals
  3 kobolds
  2 quokkas
  3 ball pythons
  2 bats
  5 frilled lizards
  5 goblins
  A rat (D:1)
63 creatures vanquished.

Vanquished Creatures (others)
  A plant (D:6)
1 creature vanquished.

Grand Total: 64 creatures vanquished

Notes
Turn   | Place    | Note
-------+----------+-------------------------------------------
     0 | D:1      | Peloso the Minotaur Fighter began the quest for the Orb.
     0 | D:1      | Reached XP level 1. HP: 19/19 MP: 0/0
   212 | D:1      | Reached XP level 2. HP: 27/27 MP: 1/1
   260 | D:1      | Found a faded altar of an unknown god.
   264 | D:1      | Got Plato's Catalogue of Cold
   569 | D:2      | Reached XP level 3. HP: 30/33 MP: 2/2
   628 | D:2      | Noticed Jessica
   639 | D:2      | Killed Jessica
   640 | D:2      | Reached skill level 3 in Long Blades
   640 | D:2      | Reached XP level 4. HP: 34/40 MP: 3/3
  1102 | D:2      | Gained mutation: Your muscles are strong. (Str +2) [potion
                  | of mutation]
  1241 | D:2      | Found a radiant altar of Vehumet.
  2254 | D:4      | Noticed an ogre
  2257 | D:4      | Killed an ogre
  2258 | D:4      | Reached skill level 4 in Long Blades
  2258 | D:4      | Reached skill level 1 in Dodging
  2258 | D:4      | Reached XP level 5. HP: 15/47 MP: 4/4
  2584 | D:4      | Noticed a yak
  2584 | D:4      | Noticed a yak
  2584 | D:4      | Noticed a yak
  2586 | D:4      | Noticed a yak
  2694 | D:5      | Entered Level 5 of the Dungeon
  2928 | D:5      | Found an opulent altar of Gozag.
  2930 | D:5      | Noticed Grinder
  2955 | D:5      | Killed Grinder
  2956 | D:5      | Reached skill level 5 in Long Blades
  2956 | D:5      | Reached skill level 5 in Armour
  2956 | D:5      | Reached XP level 6. HP: 53/55 MP: 5/5
  2971 | D:5      | Noticed Sigmund
  2985 | D:5      | Killed Sigmund
  2986 | D:5      | Reached skill level 6 in Long Blades
  2986 | D:5      | Reached skill level 5 in Shields
  2986 | D:5      | Reached XP level 7. HP: 33/60 MP: 6/6
  3125 | D:5      | Found a staircase to the Ecumenical Temple.
  3132 | Temple   | Entered the Ecumenical Temple
  3246 | D:5      | Reached skill level 5 in Fighting
  3506 | D:5      | Reached skill level 7 in Long Blades
  3951 | D:6      | Noticed a steam dragon
  4233 | D:6      | Killed a steam dragon
  4234 | D:6      | Reached skill level 1 in Stealth
  4234 | D:6      | Reached XP level 8. HP: 19/68 MP: 7/7
  4241 | D:6      | HP: 1/68 [something/magic dart (9)]
  4243 | D:6      | Killed from afar by an orc wizard

Illustrated notes

Levels and vault maps discovered:
D:1:      minmay_arrival_four_loops, layout_basic,
          shapermc_ecumenical_altar_rom_forum
D:2:      layout_basic, basic_altar, uniq_jessica
D:3:      layout_basic, amcnicky_mini_corridor_feature
D:4:      layout_loops_corners
D:5:      layout_basic, mainiacjoe_overflow_cross_hatched,
          minmay_temple_entry_tees, uniq_grinder, uniq_sigmund
D:6:      layout_cave_pools, mainiacjoe_overflow_catwalk_spiral,
          nicolae_dithmenos_the_darkroom, nicolae_ru_the_path_less_chosen
Temple:   nicolae_temple_hex_pool

Skill      XL: |  1  2  3  4  5  6  7 |
---------------+----------------------+-----
Shields        | 4 5 |  5.3
Armour         | 4 5 6 |  6.7
Fighting       | 4 5 |  5.2
Long Blades    | 3 4 5 6 7 |  7.7
Dodging        | 1 |  1.5
Stealth        | 1 |  1.0
Evocations     | |  0.1

Action                   |  1- 3 |  4- 6 |  7- 9 || total
-------------------------+-------+-------+-------++-------
Melee: Long sword        |    38 |    79 |    45 ||   162
       Headbutt          |     5 |    16 |     9 ||    30
Evoke: Wand              |       |     1 |       ||     1
  Use: Potion            |       |     3 |     2 ||     5
Armor: Scale mail        |    23 |     7 |       ||    30
       Chain mail        |       |    12 |    42 ||    54
Dodge: Dodged            |    39 |    30 |    30 ||    99
Block: Buckler           |    16 |    16 |    19 ||    51
